 Dungeon Sprint DCSS version 0.24-a0-250-g6074511092 (webtiles) character file.

Game seed: 15566064310142621640

50 Redear the Skirmisher (level 3, -2/36 HPs)
             Began as a Ghoul Monk on Apr 15, 2019.
             Slain by a wolf (6 damage)
             ... in the Dungeon (Sprint III: "The Ten Rune Challenge").
             The game lasted 00:00:42 (82 turns).

Redear the Skirmisher (Ghoul Monk)                    Turns: 82, Time: 00:00:42

Health: -2/36      AC:  2    Str: 14    XL:     3   Next: 79%
Magic:  2/2        EV: 14    Int:  5    God:
Gold:   17         SH:  0    Dex: 12    Spells: 2/2 levels left

rFire    . . .     SeeInvis .     - Unarmed
rCold    + . .     Gourm    .   (no shield)
rNeg     + + +     Faith    .   a - +0 robe
rPois    ∞         Spirit   .   (no helmet)
rElec    .         Reflect  .   (no cloak)
rCorr    .         Harm     .   (no gloves)
MR       .....     NoTele   +   (no boots)
Stlth    ++........             (no amulet)
HPRegen  0.00/turn              (no ring)
MPRegen  0.08/turn              (no ring)

@: rotting
A: rotting body, claws 1, carnivore, cold resistance 1, negative energy
resistance 3, inhibited regeneration, torment resistance, unbreathing
a: no special abilities


You were in the Dungeon.
You were not hungry.

You visited 1 branch You collected 17 gold pieces.

Inventory:

Armour
 a - a +0 robe (worn)
Scrolls
 B - a scroll of blinking {@r4}
Potions
 f - 2 potions of magic
 g - a potion of berserk rage
 H - a potion of haste {@q5}
 Q - a potion of curing {@q2}
Comestibles
 b - a chunk of flesh
 z - a ration


   Skills:
 + Level 5.5 Fighting
 + Level 4.5 Dodging
 - Level 2.1 Stealth
 + Level 5.5 Unarmed Combat


You had 2 spell levels left.
You didn't know any spells.
Your spell library was empty.

Dungeon Overview and Level Annotations

Branches:
Dungeon (1/1)

Altars:


Innate Abilities, Weirdness & Mutations

Your body is rotting away.
You thrive on raw meat.
You are immune to poison.
You have sharp fingernails.
You are carnivorous and can eat meat at any time.
Your flesh is cold resistant. (rC+)
You are immune to negative energy. (rN+++)
You do not regenerate when monsters are visible.
You are immune to unholy pain and torment.
You can survive without breathing.


Message History

You scratch the human.
The human is almost dead.
The human barely misses you.
You claw the human!
You kill the human!
You enter the shallow water.
Moving in this stuff is going to be slow.
A wolf comes into view.
The wolf howls!
The wolf bites you. x2
You take 12 damage, and have 19/36 hp.
MASSIVE DAMAGE!!
The wolf misses you. x2
You scratch the wolf but do no damage. The wolf bites you!
You take 8 damage, and have 11/36 hp.
MASSIVE DAMAGE!!
You closely miss the wolf. The wolf bites you!
* * * LOW HITPOINT WARNING * * *
The wolf misses you.
You take 7 damage, and have 4/36 hp.
You completely miss the wolf. The wolf bites you.
You die...

▓▓▓▓ ▓▓▓▓▓▓ ▓<.#
+....♣ ▓..#
#....♣♣♣
▓#'####....♣.♣
▓.....#....≈♣♣ .#
▓÷....#@h.≈≈.♣ ♣.#
▓....)#..≈≈≈≈♣♣♣..+
▓####'#..≈≈≈≈≈≈.♣.#
▓.....#.≈≈≈≈≈≈....#
▓....)#.≈≈≈≈≈.....#
▓.....#.≈≈≈.......#
▓'#####...........#
▓.................#
▓▓▓▓▓▓▓▓▓▓▓▓▓▓▓▓▓▓▓


You could see a wolf.

Vanquished Creatures
  Jessica (D)
  A human (D)
  An ooze (D)
  2 rats (D)
5 creatures vanquished.

Notes
Turn   | Place    | Note
-------+----------+-------------------------------------------
     0 | D        | Redear the Ghoul Monk began the quest for the Orb.
     0 | D        | Reached XP level 1. HP: 19/19 MP: 0/0
    11 | D        | Reached skill level 4 in Fighting
    11 | D        | Reached skill level 3 in Dodging
    11 | D        | Reached skill level 4 in Unarmed Combat
    17 | D        | Noticed Jessica
    21 | D        | Killed Jessica
    21 | D        | Reached skill level 5 in Fighting
    21 | D        | Reached skill level 4 in Dodging
    21 | D        | Reached skill level 5 in Unarmed Combat
    21 | D        | Reached XP level 2. HP: 25/29 MP: 1/1
    21 | D        | Reached XP level 3. HP: 31/36 MP: 2/2
    61 | D        | HP: 3/36 [human (3)]
    82 | D        | Slain by a wolf

Levels and vault maps discovered:
D:        dungeon_sprint_mu [sprint_mu_entry_forest, sprint_mu_temple_rooms,
          sprint_mu_d1_horrors, sprint_mu_d2_genie, sprint_mu_d3_branching,
          sprint_mu_orc_legion, sprint_mu_elf_gauntlet, sprint_mu_hive_nellie,
          sprint_mu_lair_fedhas, sprint_mu_vaults_butterflies,
          sprint_mu_slime_circle, sprint_mu_shoals_kraken,
          sprint_mu_snake_twists, sprint_mu_blade_basic, sprint_mu_crypt_lich,
          sprint_mu_tomb_spiral, sprint_mu_vestibule_basic,
          sprint_mu_gehenna_hellfire, sprint_mu_dis_giant,
          sprint_mu_tartarus_statrot, sprint_mu_cocytus_islands, sprint_mu_zot1]

Skill      XL: |  1 |
---------------+----+-----
Fighting       | 5 |  5.5
Dodging        | 4 |  4.5
Unarmed Combat | 5 |  5.5
Stealth        | |  2.1

Action                   || total
-------------------------++-------
Melee: Unarmed           ||    33
  Use: Potion            ||     1
 Stab: Sleeping          ||     1
Armor: Robe              ||     2
Dodge: Dodged            ||    18

Table legend:
 A = Non-vault XP
 B = Vault XP
 C = Vault XP percentage of total XP
 D = Non-vault monster count
 E = Vault monster count
 F = Vault count percentage of total count
                 A         B        C        D         E       F
            +---------+---------+-------+---------+---------+-------
      Total |       0 |      72 | 100.0 |       0 |       5 | 100.0
            +---------+---------+-------+---------+---------+-------
          D |       0 |      72 | 100.0 |       0 |       5 | 100.0
            +---------+---------+-------+---------+---------+-------
